 Dungeon Crawl Stone Soup version 0.31-a0-217-g58bb5d79cf (webtiles) character file.

Game seed: 2938674449700533571

102 qw the Chopper (level 4, -4/28 HPs)
             Began as a Gargoyle Fighter on July 2, 2023.
             Slain by a gnoll
             ... wielding a +0 halberd
              (11 damage)
             ... on level 3 of the Dungeon.
             The game lasted 00:01:05 (1519 turns).

qw the Chopper (Gargoyle Fighter)                   Turns: 1519, Time: 00:01:06

Health: -4/28      AC: 10    Str: 21    XL:     4   Next: 78%
Magic:  4/4        EV:  9    Int:  9    God:
Gold:   123        SH:  4    Dex:  9    Spells: 3/3 levels left

rFire   . . .        Y - +0 war axe
rCold   . . .        c - +0 buckler
rNeg    + . .        b - +0 scale mail
rPois   inf          (no helmet)
rElec   +            (no cloak)
rCorr   .            (no gloves)
SInv    .            (no boots)
Will    .....        (no amulet) Stlth
                     (no ring)
HPRegen 0.24/turn    (no ring)
MPRegen 0.09/turn

%: no passive effects
@: no status effects
A: sickness immunity, AC +3, negative energy resistance 1, electricity
resistance, torment resistance 1, petrification resistance
a: no special abilities


You were on level 3 of the Dungeon.
You visited 1 branch of the dungeon, and saw 3 of its levels.

You collected 123 gold pieces.


Innate Abilities, Weirdness & Mutations

You are immune to sickness and miasma.
Your stone body is resilient. (AC +3)
You are immune to poison.
You resist negative energy. (rN+)
You are resistant to electric shocks. (rElec)
You are resistant to unholy torment.
You are immune to petrification.


   Skills:
 - Level 3.2 Fighting
 + Level 4.4 Axes
 - Level 3.2 Armour
 - Level 3.2 Shields


You had 3 spell levels left.
You didn't know any spells.
Your spell library was empty.

Inventory:

Hand Weapons
 g - a +0 club
 Y - a +0 war axe (weapon)
Armour
 b - a +0 scale mail (worn)
 c - a +0 buckler (worn)
Scrolls
 j - a scroll of identify
Potions
 d - 2 potions of might
 h - a potion of enlightenment
 i - a potion of mutation {unknown}

Dungeon Overview and Level Annotations

Branches:
Dungeon (3/15)

Altars:

Shops:
D:1 [


Message History

You tear a large gash into the net.
The gnoll closely misses you.
You shred the net and break free! The gnoll barely misses you.
A gnoll comes into view. It is wielding a +0 spear.
The gnoll shouts!
The gnoll barely misses you.
The gnoll hits you from afar with a +0 halberd.
A gnoll comes into view. It is wielding a +0 club.
You barely miss the gnoll.
The gnoll shouts!
You block the gnoll's attack.
The gnoll hits you from afar with a +0 halberd.
You slash the gnoll!
You kill the gnoll!
The gnoll closely misses you. The gnoll hits you but does no damage.
The gnoll completely misses you. The gnoll closely misses you.
Things that are here:
a +0 halberd; a gnoll corpse You barely miss the gnoll.
The gnoll hits you from afar with a +0 spear.
The gnoll hits you with a +0 halberd!
You barely miss the gnoll. The gnoll closely misses you.
The gnoll hits you but does no damage.
You slash the gnoll!
The gnoll is almost dead.
The gnoll hits you from afar with a +0 spear.
The gnoll hits you but does no damage.
You hit the gnoll but do no damage.
The gnoll is almost dead.
The gnoll hits you but does no damage. The gnoll barely misses you.
The gnoll hits you but does no damage.
You closely miss the gnoll. The gnoll barely misses you.
You block the gnoll's attack. The gnoll hits you but does no damage.
You slash the gnoll!
You kill the gnoll!
The gnoll closely misses you.
The gnoll hits you from afar with a +0 halberd!
You die...

#...................
#.#.###..#.#..##..###
....[...............
.#.##...#.....#...##
#...............
.....####..##..##
###### #..#
#....###.$###..
.....g)@......#
#....g##......# #....
#......# ####
#......# #.....##
........ .....###
###.#


You could see 2 gnolls.

Vanquished Creatures
  2 gnolls (D:3)
  2 adders (D:2)
  2 worms (D:2)
  4 dart slugs
  4 ball pythons
  A bat (D:1)
  6 endoplasms
  5 giant cockroaches
  3 goblins (D:2)
  4 hobgoblins
  8 jackals
  6 kobolds
  2 quokkas (D:2)
  6 frilled lizards
  2 rats
57 creatures vanquished.

Notes
Turn   | Place    | Note
-------+----------+-------------------------------------------
     0 | D:1      | qw the Gargoyle Fighter began the quest for the Orb.
     0 | D:1      | Reached XP level 1. HP: 14/14 MP: 1/1
     0 | D:1      | 0 ||| qw: Version: 0.3-a-40-ge99b1a8
     0 | D:1      | 0 ||| qw: Game counter: 52
     0 | D:1      | 0 ||| qw: Melee chars always use a shield: true
     0 | D:1      | 0 ||| qw: God list: Okawaru
     0 | D:1      | 0 ||| qw: Allow faded altars: false
     0 | D:1      | 0 ||| qw: Do Orc after clearing Dungeon:15 true
     0 | D:1      | 0 ||| qw: Do second Lair branch before Depths: true
     0 | D:1      | 0 ||| qw: Lair rune preference: random
     0 | D:1      | 0 ||| qw: Goals: Normal, Zot:1-4, Slime:5, God:TSO, Crypt,
                  | Tomb, Abyss, Pan, Hells, Win
     0 | D:1      | 0 ||| PLANNING D:1-11
    24 | D:1      | Reached skill level 2 in Axes
   127 | D:1      | 127 ||| Stepping ~*~*~tactically~*~*~ (stealth).
   131 | D:1      | Reached XP level 2. HP: 19/19 MP: 2/2
   134 | D:1      | 134 ||| Stepping ~*~*~tactically~*~*~ (stealth).
   135 | D:1      | 135 ||| Stepping ~*~*~tactically~*~*~ (stealth).
   387 | D:1      | Found Exoemut's Armour Emporium.
   400 | D:1      | 400 ||| SHOPLISTING +3 plate armour of cold resistance (540
                  | gold, have 23).
   400 | D:1      | 400 ||| SHOPLISTING +4 ring mail of cold resistance (372
                  | gold, have 23).
   534 | D:1      | Reached skill level 3 in Axes
   549 | D:1      | Reached XP level 3. HP: 23/23 MP: 3/3
   737 | D:1      | 737 ||| READING scroll labelled HUNTEH GOSEITH.
   738 | D:1      | 738 ||| READING scroll labelled DUEFY QUMPOME.
   739 | D:1      | 739 ||| DRINKING 2 murky coppery potions.
   817 | D:2      | 817 ||| Stepping ~*~*~tactically~*~*~ (stealth).
   866 | D:2      | 866 ||| Stepping ~*~*~tactically~*~*~ (stealth).
   867 | D:2      | 867 ||| Stepping ~*~*~tactically~*~*~ (stealth).
   878 | D:2      | 878 ||| Stepping ~*~*~tactically~*~*~ (stealth).
   884 | D:2      | 884 ||| Stepping ~*~*~tactically~*~*~ (stealth).
   944 | D:2      | 944 ||| Stepping ~*~*~tactically~*~*~ (hiding).
   945 | D:2      | 945 ||| Stepping ~*~*~tactically~*~*~ (hiding).
   961 | D:2      | 961 ||| Stepping ~*~*~tactically~*~*~ (stealth).
   967 | D:2      | Reached XP level 4. HP: 28/28 MP: 4/4
   973 | D:2      | 973 ||| Stepping ~*~*~tactically~*~*~ (hiding).
  1092 | D:2      | 1092 ||| Stepping ~*~*~tactically~*~*~ (hiding).
  1129 | D:2      | Reached skill level 4 in Axes
  1148 | D:2      | 1148 ||| Stepping ~*~*~tactically~*~*~ (stealth).
  1152 | D:2      | 1152 ||| Stepping ~*~*~tactically~*~*~ (stealth).
  1326 | D:2      | 1326 ||| Stepping ~*~*~tactically~*~*~ (stealth).
  1401 | D:2      | 1401 ||| READING scroll labelled LUTIPUD ABLESYNGI.
  1402 | D:2      | 1402 ||| READING scroll labelled YHIOXU ATTORGH.
  1403 | D:2      | 1403 ||| READING scroll labelled BAOHEIK ZETSOU.
  1504 | D:3      | 1504 ||| Stepping ~*~*~tactically~*~*~ (hiding).
  1516 | D:3      | HP: 6/28 [gnoll/+0 spear (3)]
  1519 | D:3      | Slain by a gnoll

Levels and vault maps discovered:
D:1:      nzn_arrival_crosshair, layout_loops_ring, serial_shops, shop
D:2:      layout_rooms, minmay_pentomino_u2
D:3:      layout_basic, grunt_gozag_breadcrumbs, uniq_robin, uniq_natasha,
          uniq_jessica

Skill      XL: |  1  2  3  4 |
---------------+-------------+-----
Axes           | 2 3 4 |  4.4
Fighting       | |  3.2
Armour         | |  3.2
Shields        | |  3.2

Action                     |  1- 3 |  4- 6 || total
---------------------------+-------+-------++-------
  Melee: War axe           |    80 |    74 ||   154
    Use: Scroll            |     2 |     3 ||     5
         Potion            |     1 |       ||     1
 Armour: Scale mail        |    39 |    29 ||    68
  Dodge: Dodged            |    30 |    45 ||    75
  Block: Buckler           |    13 |    14 ||    27

Table legend:
 A = Non-vault XP
 B = Vault XP
 C = Vault XP percentage of total XP
 D = Non-vault monster count
 E = Vault monster count
 F = Vault count percentage of total count
                 A         B        C        D         E       F
            +---------+---------+-------+---------+---------+-------
      Total |     147 |      14 |   8.7 |      55 |       2 |   3.5
            +---------+---------+-------+---------+---------+-------
        D:1 |      42 |       0 |   0.0 |      21 |       0 |   0.0
        D:2 |      69 |      14 |  16.9 |      28 |       2 |   6.7
        D:3 |      36 |       0 |   0.0 |       6 |       0 |   0.0
            +---------+---------+-------+---------+---------+-------
